cohdb
Replays
Latest Replays
All Replays
Popular Replays
Top Player Replays
Match Explorer
How It Works
Community
CoH3 Stats
Reddit
Sign in to upload your games and track your stats! →
Sign in with Steam
Match 42618930
Unlisted
Match 42618930
Overview
Messages
Build Orders
End
Selects Italian Combined Arms Battlegroup
Selects Bersaglieri Squad
Bersaglieri Squad
250 Light Carrier
Bersaglieri Squad
Construct Light Support Kompanie
Combat Half-tracks
2.5-tonne Medical Truck
Fire Support Elements
Selects Bersaglieri Bolster
Panzerjäger Mechanized Group
Flakvierling Half-track
Vehicle Survival Package
Construct Panzerarmee Kommand
Selects Breda Model 30 Light Machine Guns
Flak 36 Anti-tank Gun Team
Tungsten Core Ammunition
Assault Mechanized Group
Emergency Repair Kits
Armored Reserves
Selects Semovente da 75/18 Assault Gun
Selects Carro Armato M13/40 Light Tank
Tiger Heavy Tank
Tarkorotsu
Королева PizdаliSov
A Quick Workaround
Sanchorus
Sukulaku
Ha22y79
BloodSpark
Cons01
0
0
Comments
sign in to comment!
No comments posted yet!